 Dungeon Crawl Stone Soup version 0.24.0-35-gdb84b6a5db (webtiles) character file.

Game seed: 225072730125089936, levelgen mode: deterministic

4706 Descartes the Blocker (level 10, -5/77 HPs)
             Began as a Formicid Abyssal Knight on Nov 20, 2019.
             Was an Elder of Lugonu.
             Slain by a two-headed ogre
             ... wielding a +0 giant spiked club
              (8 damage)
             ... on level 9 of the Dungeon.
             The game lasted 00:26:23 (12306 turns).

Descartes the Blocker (Formicid Abyssal Knight)    Turns: 12306, Time: 00:26:24

Health: -5/77      AC: 15    Str: 16    XL:     10   Next: 73%
Magic:  0/26       EV:  4    Int: 16    God:    Lugonu [****..]
Gold:   750        SH: 15    Dex: 10    Spells: 18/19 levels left

rFire    x . .     SeeInvis +   M - +1 mace of Gacerhir {flame, +Inv rF- rC+++ MP+9}
rCold    + + +     Gourm    .   g - +0 large shield
rNeg     . . .     Faith    .   O - +0 plate armour
rPois    .         Spirit   +   (helmet unavailable)
rElec    .         Reflect  .   n - +0 cloak
rCorr    .         Harm     .   r - +0 pair of gloves
MR       +....                  (no boots)
Stlth    ..........             I - amulet of guardian spirit
HPRegen  0.22/turn              (no ring)
MPRegen  0.20/turn              (no ring)

@: no status effects
A: permanent stasis, dig shafts and tunnels, four strong arms, antennae 3
a: Dig, Shaft Self, Depart the Abyss, Bend Space, Banish, Corrupt, Renounce
Religion, Evoke Invisibility


You were on level 9 of the Dungeon.
You worshipped Lugonu.
Lugonu was greatly pleased with you.
You were not hungry.

You visited 2 branches of the dungeon, and saw 10 of its levels.
You visited the Abyss 1 time.
You also visited: Ossuary.

You collected 750 gold pieces.

Inventory:

Hand Weapons
 a - a +1 hand axe
 f - a +0 hunting sling
 E - a +0 war axe
 M - the +1 mace of Gacerhir (weapon) {flame, +Inv rF- rC+++ MP+9}
   (You found it on level 7 of the Dungeon)

   It has been specially enchanted to burn those struck by it, causing extra
   injury to most foes and up to half again as much damage against particularly
   susceptible opponents.
   It makes you vulnerable to fire.
   It renders you almost immune to cold.
   It affects your magic capacity (+9).
   It lets you turn invisible.
Missiles
 e - 197 arrows
 k - 297 stones (quivered)
 p - 105 sling bullets
 N - 24 bolts
 U - 28 poisoned darts
Armour
 d - a +0 scale mail
 g - a +0 large shield (worn)
 n - a +0 cloak (worn)
 r - a +0 pair of gloves (worn)
 B - the +2 ring mail of the Beginning {-Tele rPois MR- SInv}
   (You found it on level 6 of the Dungeon)

   It protects you from poison.
   It affects your resistance to hostile enchantments.
   It lets you see invisible.
   It prevents most forms of teleportation.
 D - a +0 chain mail
 O - a +0 plate armour (worn)
Magical Staves
 i - an uncursed staff of cold {unknown}
 v - an uncursed staff of death {unknown}
 S - a cursed staff of power {unknown}
Jewellery
 y - a +3 amulet of reflection
 C - an uncursed ring of ice
 I - an amulet of guardian spirit (around neck)
 T - an uncursed ring of see invisible {unknown}
Wands
 F - a wand of polymorph (13)
 R - a wand of disintegration (16)
Scrolls
 l - 4 scrolls of noise
 m - a scroll of identify
 o - 3 scrolls of remove curse
 q - a scroll of enchant armour {unknown}
 s - a scroll of amnesia
 t - 2 scrolls of magic mapping
 u - 5 scrolls of immolation
 H - 2 scrolls of enchant weapon {unknown}
 L - 2 scrolls of teleportation
 Q - a scroll of blinking {unknown}
Potions
 b - a potion of agility
 h - a potion of invisibility
 j - 4 potions of flight
 w - a potion of magic
 x - 2 potions of cancellation
 z - a potion of lignification
 A - a potion of ambrosia
 G - 3 potions of might
 J - a potion of mutation
 K - 3 potions of curing
 P - 3 potions of brilliance
Comestibles
 c - 22 rations
 V - 7 chunks of flesh


   Skills:
 + Level 6.6 Fighting
 - Level 4.7(5.1) Axes
 + Level 2.7(4.1) Maces & Flails
 + Level 6.1 Armour
 + Level 4.7 Dodging
 * Level 9.0 Shields
 + Level 5.1 Spellcasting
 + Level 6.7 Invocations


You had 18 spell levels left.
You knew the following spells:

 Your Spells              Type           Power        Failure   Level  Hunger
a - Magic Dart            Conj           #...         100%        1    None

Your spell library contained the following spells:

 Spells                   Type           Power        Failure   Level  Hunger
 Sandblast                Erth           #.....       100%        1    None
 Summon Butterflies       Summ           #.......     100%        1    None
 Call Imp                 Summ           #.......     100%        2    #......
 Passwall                 Tmut/Erth      #.......     100%        2    #......
 Slow                     Hex            #.......     100%        2    #......
 Call Canine Familiar     Summ           #.......     100%        3    ###....
 Conjure Flame            Conj/Fire      #.......     100%        3    ###....
 Mephitic Cloud           Conj/Pois/Air  #.......     100%        3    ###....
 Stone Arrow              Conj/Erth      #.....       100%        3    ###....
 Petrify                  Tmut/Erth      #.......     100%        4    ####...
 Summon Ice Beast         Ice/Summ       #.......     100%        4    ####...
 Lee's Rapid Deconstruct  Erth           #.........   100%        5    ######.
 Summon Mana Viper        Hex/Summ       #.......     100%        5    ######.
 Summon Hydra             Summ           #.........   100%        7    #######
 Blink                    Tloc           Unusable     N/A         2    N/A

Dungeon Overview and Level Annotations

Branches:
Dungeon (9/15)             Temple (1/1) D:7         Ossuary (visited)
   Lair: D:8-11         Orc: D:9-12

Altars:
Ashenzari
Cheibriados
Dithmenos
Elyvilon
Fedhas
Gozag
Hepliaklqana
Kikubaaqudgha
Makhleb
Nemelex Xobeh
Okawaru
Qazlal
Ru
Sif Muna
Trog
Uskayaw
Vehumet
Wu Jian
Xom
Yredelemnul
Zin
The Shining One

Shops:
D:6 :*


Innate Abilities, Weirdness & Mutations

You cannot be hasted, slowed, berserked, paralysed or teleported.
You can dig through walls and to a lower floor.
Your four strong arms can wield two-handed weapons with a shield.
You have a pair of large antennae on your head. (SInv)


Message History

The two-headed ogre hits you with a +0 dire flail!
* * * LOW HITPOINT WARNING * * *
You hit the two-headed ogre but do no damage.
The two-headed ogre is heavily wounded.
The two-headed ogre hits you with a +0 giant spiked club!!
* * * LOW HITPOINT WARNING * * *
You block the two-headed ogre's attack.
You hit the two-headed ogre. You burn the two-headed ogre.
The two-headed ogre is severely wounded.
You block the two-headed ogre's attack. x2
You hit the two-headed ogre but do no damage.
The two-headed ogre is severely wounded.
The two-headed ogre hits you with a +0 giant spiked club!
* * * LOW HITPOINT WARNING * * *
The two-headed ogre hits you but does no damage.
You barely miss the two-headed ogre.
The two-headed ogre is severely wounded.
You block the two-headed ogre's attack.
The two-headed ogre hits you with a +0 dire flail!
You die...

##########
#........#####
########
#######.......lO@..##
#......#
.....#.........###..#
#......#
.....#.........#
##.###<.....#
.....#.........#
#..##......#
...l...........#
##.##......#
.....##........#
#..'......#
#######........#
####......# ##
#........# #......#
.# ######+###
####.###


You could see a two-headed ogre and an iguana.

Vanquished Creatures
  A hornet (D:8)
  A hippogriff (D:8)
  Sigmund (D:6)
  4 hogs (D:7)
  A human (D:7)
  A hungry ghost (D:8)
  2 sky beasts
  2 orc warriors (D:6)
  A hornet zombie (D:8)
  3 ice beasts
  A phantom (D:4)
  A necrophage (D:7)
  2 ogres
  3 centaurs
  6 bullfrogs
  A wyvern skeleton (D:8)
  7 killer bees (D:7)
  2 scorpions
  A howler monkey (D:8)
  2 crimson imps
  2 human zombies (Ossuary)
  3 jellies
  A bullfrog skeleton (D:8)
  4 orc priests
  A centaur skeleton (D:8)
  3 orc wizards
  4 iguanas
  Terence (D:2)
  Natasha (thrice) (D:3)
  6 worker ants
  A killer bee zombie (D:8)
  2 hound zombies (Ossuary)
  A hound skeleton (D:4)
  4 mummies (Ossuary)
  A worker ant zombie (D:5)
  9 adders
  A shadow imp (D:4)
  2 oozes
  4 adder skeletons
  4 worms
  2 dart slugs
  5 leopard geckos
  21 orcs
  7 bats
  6 giant cockroaches
  3 gnoll zombies (Ossuary)
  7 goblins
  5 hobgoblins
  5 quokkas
  2 ball pythons
  A ball python skeleton (D:5)
  3 frilled lizards
  2 jackal zombies (Ossuary)
  6 kobolds
  5 rats
  3 rat zombies (Ossuary)
183 creatures vanquished.

Notes
Turn   | Place    | Note
-------+----------+-------------------------------------------
     0 | Abyss:1  | Descartes the Formicid Abyssal Knight began the quest for
                  | the Orb.
     0 | Abyss:1  | Reached XP level 1. HP: 18/18 MP: 2/2
    81 | Abyss:1  | Noticed a starcursed mass
   110 | Abyss:2  | Noticed an ancient zyme
   135 | Abyss:2  | Noticed a large abomination
   136 | Abyss:2  | Noticed a small abomination
   138 | Abyss:2  | Noticed an eye of devastation
   138 | Abyss:2  | Noticed a large abomination
   163 | Abyss:3  | Noticed a starcursed mass
   171 | D:1      | Escaped the Abyss
   664 | D:1      | Reached skill level 1 in Dodging
   664 | D:1      | Reached XP level 2. HP: 21/24 MP: 3/3
   747 | D:1      | Reached skill level 1 in Shields
   899 | D:1      | Reached * piety under Lugonu
   903 | D:1      | Reached XP level 3. HP: 29/29 MP: 4/4
  1434 | D:2      | Learned a level 1 spell: Magic Dart
  1547 | D:2      | Reached skill level 2 in Shields
  1547 | D:2      | Reached XP level 4. HP: 29/35 MP: 5/5
  1594 | D:2      | Noticed Terence
  1626 | D:2      | Killed Terence
  1626 | D:2      | Reached skill level 1 in Spellcasting
  2217 | D:2      | Reached XP level 5. HP: 38/42 MP: 7/7
  2516 | D:3      | Reached ** piety under Lugonu
  2562 | D:3      | Noticed Natasha
  2573 | D:3      | Killed Natasha
  2729 | D:3      | Noticed Natasha
  2748 | D:3      | Killed Natasha
  2748 | D:3      | Reached skill level 3 in Shields
  2919 | D:3      | Reached XP level 6. HP: 42/48 MP: 8/8
  2999 | D:3      | Noticed Natasha
  3007 | D:3      | Killed Natasha
  3494 | D:3      | Found an ancient bone altar of Kikubaaqudgha.
  3501 | D:3      | Found a sacrificial altar of Ru.
  3944 | D:4      | Noticed a phantom
  4403 | D:4      | Killed a phantom
  4403 | D:4      | Reached XP level 7. HP: 30/54 MP: 8/10
  4551 | D:4      | Reached skill level 4 in Shields
  4976 | D:5      | Entered Level 5 of the Dungeon
  5055 | D:5      | Found a shimmering blue altar of Sif Muna.
  6345 | D:5      | Reached XP level 8. HP: 42/61 MP: 11/11
  6394 | D:6      | Got a scorched ring mail
  6414 | D:6      | Identified the +2 ring mail of the Beginning {-Tele rPois
                  | MR- SInv} (You found it on level 6 of the Dungeon)
  6504 | D:6      | Reached skill level 5 in Shields
  6574 | D:6      | Noticed Sigmund
  6582 | D:6      | Killed Sigmund
  7170 | D:6      | Reached skill level 5 in Fighting
  7223 | D:6      | Found Qyaqial's Book Boutique.
  7742 | D:6      | Found Zin's Purification Station.
  7744 | D:6      | Found a glowing silver altar of Zin.
  7942 | D:7      | Reached skill level 6 in Shields
  7942 | D:7      | Reached XP level 9. HP: 51/68 MP: 12/14
  7957 | D:7      | Reached skill level 5 in Invocations
  8727 | D:7      | Got a warped mace
  8728 | D:7      | Identified the +1 mace of Gacerhir {flame, +Inv rF- rC+++
                  | MP+9} (You found it on level 7 of the Dungeon)
  8947 | D:7      | Reached skill level 5 in Armour
  8971 | D:7      | HP: 3/68 [poisoned by a killer bee]
  8987 | D:7      | HP: 3/68 [killer bee (4)]
  8988 | D:7      | Reached skill level 7 in Shields
  8993 | D:7      | HP: 1/68 [poisoned by a killer bee]
  9286 | D:7      | Reached *** piety under Lugonu
  9348 | D:7      | Found a shimmering altar of Xom.
  9501 | D:7      | Reached skill level 1 in Maces & Flails
  9533 | D:7      | Reached XP level 10. HP: 57/76 MP: 16/16
  9861 | D:7      | Reached skill level 8 in Shields
 10407 | D:7      | Found a staircase to the Ecumenical Temple.
 10413 | Temple   | Entered the Ecumenical Temple
 10619 | D:8      | Found a bloodstained altar of Trog.
 10690 | D:8      | Found a sand-covered staircase.
 10694 | Ossuary  | Entered an ossuary
 11309 | D:8      | Reached skill level 5 in Spellcasting
 11373 | D:8      | Paralysed by fainting for 12 turns
 11425 | D:8      | Reached **** piety under Lugonu
 12196 | D:8      | Reached skill level 9 in Shields
 12263 | D:9      | Noticed a two-headed ogre
 12305 | D:9      | HP: 3/77 [two-headed ogre/+0 giant spiked club (6)]
 12306 | D:9      | Slain by a two-headed ogre

Levels and vault maps discovered:
D:1:      lemuel_arrival_rhombus, layout_loops_corners
D:2:      minmay_inner_zag, layout_loops_corners, uniq_terence
D:3:      layout_basic, amethyst_overflow_temple_binary, uniq_natasha
D:4:      layout_gridville
D:5:      layout_loops_cross, lemuel_crystal_altar, first_ration
D:6:      layout_loops_corners, zin_purify, serial_shops, shop, uniq_sigmund
D:7:      layout_loops_ring, minmay_temple_entry_fiery, basic_altar,
          grunt_livestock, eino_jars
D:8:      layout_loops_ring, bloody_trog, nicolae_ossuary_entry_plus,
          minmay_fractal_squares_diagonal_5
D:9:      layout_roguey, lair_entry_dummy, david_orc_3, uniq_psyche
Temple:   minmay_crystal_spiral_temple

Skill      XL: |  1  2  3  4  5  6  7  8  9 10 |
---------------+-------------------------------+-----
Dodging        | 1 2 3 4 |  4.7
Shields        | 1 2 3 4 6 7 9 |  9.0
Spellcasting   | 1 2 3 4 5 |  5.1
Armour         | 3 4 5 6 |  6.1
Invocations    | 3 4 5 6 |  6.7
Fighting       | 4 5 6 |  6.6
Axes           | 3 4 |  4.7
Maces & Flails | 1 2 |  2.7

Action                   |  1- 3 |  4- 6 |  7- 9 | 10-12 || total
-------------------------+-------+-------+-------+-------++-------
Melee: Hand axe          |    94 |   280 |    75 |       ||   449
       War axe           |       |       |   301 |       ||   301
       Mace              |       |       |   173 |   424 ||   597
Invok: Depart the Abyss  |     1 |       |       |       ||     1
 Abil: Dig               |     3 |       |     2 |     2 ||     7
  Use: Potion            |       |       |    10 |     1 ||    11
       Scroll            |       |       |     5 |     6 ||    11
  Eat: Chunk             |     2 |     9 |    12 |     9 ||    32
       Ration            |       |       |     2 |     2 ||     4
Armor: Scale mail        |    41 |    88 |    20 |       ||   149
       Chain mail        |       |       |   207 |    40 ||   247
       Skin              |       |       |    18 |    22 ||    40
       Plate armour      |       |       |       |   334 ||   334
Dodge: Dodged            |    21 |    32 |    99 |    94 ||   246
Block: Large shield      |    69 |   182 |   527 |   509 ||  1287
       Reflection        |       |       |     5 |       ||     5
